 Dungeon Crawl Stone Soup version 0.28.0 (webtiles) character file.

Game seed: 2363213767894721876

464 fragbeetle the Skirmisher (level 7, -6/53 HPs)
             Began as a Djinni Hedge Wizard on Feb 7, 2022.
             Killed by nerve-wracking pain
             ... invoked by an orc priest
              (13 damage)
             ... on level 4 of the Dungeon.
             The game lasted 00:15:03 (6042 turns).

fragbeetle the Skirmisher (Djinni Hedge Wizard)     Turns: 6042, Time: 00:15:04

Health: -6/53      AC:  3    Str:  9    XL:     7   Next: 29%
Gold:   224        EV: 11    Int: 18    God:
                   SH:  0    Dex: 12

rFire   + + .      SeeInvis .   s - +0 trident
rCold   x . .      Faith    .   (no shield)
rNeg    . . .      Spirit   .   f - +0 leather armour
rPois   ∞          Reflect  .   c - +0 hat
rElec   .          Harm     .   (no cloak)
rCorr   .          Rampage  .   (no gloves)
Will    .....                   (boots unavailable)
Stlth   ++........              (no amulet)
HPRegen 0.17/turn               (no ring)
MPRegen 0.00/turn               (no ring)

@: mighty, flying, hasted, very quick
A: sickness immunity, fire resistance 2, cold vulnerability 1, float, innate
caster, HP casting, extra vitality 1
a: no special abilities


You were on level 4 of the Dungeon.
You visited 1 branch of the dungeon, and saw 4 of its levels.
You also visited: Sewer.

You collected 224 gold pieces.

Inventory:

Hand Weapons
 s - a +0 trident (weapon)
Missiles
 r - 11 poisoned darts
Armour
 b - a +0 robe
 c - a +0 hat (worn)
 f - a +0 leather armour (worn)
Jewellery
 m - an amulet of faith
 q - a ring of wizardry
Scrolls
 d - 4 scrolls of identify {unknown}
 g - 2 scrolls of noise {unknown}
 h - a scroll of vulnerability {unknown}
 j - a scroll of holy word {unknown}
 l - 4 scrolls of immolation {unknown}
 n - 6 scrolls of teleportation
Potions
 e - 3 potions of might
 i - a potion of haste
 k - a potion of heal wounds {unknown}
 o - a potion of curing {unknown}


   Skills:
 * Level 4.7 Fighting
 - Level 2.3 Dodging
 - Level 1.7 Stealth
 * Level 4.5 Spellcasting


You couldn't memorise any spells.
You knew the following spells:

 Your Spells              Type           Power      Damage    Failure   Level
a - Magic Dart            Conj           80%        1d7       3%          1
b - Blink                 Tloc           40%        N/A       4%          2
c - Call Imp              Summ           20%        N/A       4%          2
d - Slow                  Hex            80%        N/A       3%          1
e - Conjure Flame         Conj/Fire      20%        6-21      9%          3
f - Freeze                Ice            80%        1d9       3%          1
g - Mephitic Cloud        Conj/Pois/Air  20%        N/A       9%          3
h - Tukima's Dance        Hex            20%        N/A       9%          3
s - Scorch                Fire           40%        2d7       4%          2
Your spell library was empty.

Dungeon Overview and Level Annotations

Branches:
Dungeon (4/15)              Sewer (visited)
 Temple: D:4-7

Altars:
Hepliaklqana
Xom


Innate Abilities, Weirdness & Mutations

You are immune to sickness and miasma.
You are immune to poison.
Your flesh is very heat resistant. (rF++)
You are vulnerable to cold. (rC-)
You float through the air rather than walking.
You learn spells naturally, not from books.
Your magical power is your life essence.
You have superior vitality. (+4 MHP)


Message History

You drop a +0 spear.
An orc comes into view. It is wielding a +0 mace.
An orc priest comes into view. It is wielding a +0 club.
The magic dart hits the orc.
The orc is lightly wounded.
The orc priest shouts!
The orc priest mumbles some strange prayers to Beogh against you.
Beogh smites you!
Items here: )) [ †.
The orc enters a dispersal trap!
The orc priest blinks!
You blink.
The orc blinks!
Unknown command.
Casting: Magic Dart (safe; 3% risk of failure)
Confirm with . or Enter, or press ? or * to list all spells.
Flames lash the orc.
You kill the orc!
The orc priest invokes the aid of Beogh against you.
You struggle to resist.
Unknown command.
Casting: Scorch (safe; 4% risk of failure)
Confirm with . or Enter, or press ? or * to list all spells.
Flames lash the orc priest.
The orc priest is moderately wounded.
The orc priest's fire resistance burns away.
The orc enters a dispersal trap!
The orc priest blinks! x3; You blink.
The orc blinks!
The orc priest mumbles some strange prayers to Beogh against you.
Pain shoots through your body!
* * * LOW HITPOINT WARNING * * *
There is an open door here.
It was a potion of might.
You feel very mighty all of a sudden.
The orc priest is no longer more vulnerable to fire.
The orc enters a dispersal trap!
The orc priest blinks!
You blink.
The orc blinks!
Okay, then.
It was a potion of haste.
You feel yourself speed up.
The orc priest invokes the aid of Beogh against you.
Pain shoots through your body!
You die...

........#..#...#............
........#..#...#...)........
........#..#.§.#............
##......##'###'#.......†....
#..........)..§..o.#######.
#..................#
#.......†..........#
#...........)......#
#..............@...####
############'#####....#
#.....'.......'..#..o.#
#.....#.......#..#....#
##################....#
######


You could see an orc priest and an orc.

Vanquished Creatures
  Menkaure (D:4)
  A hound (D:3)
  A merfolk siren (Sewer)
  A merfolk avatar (Sewer)
  11 adders
  A gnoll (D:3)
  5 river rats
  4 worms
  4 orcs
  7 endoplasms
  5 giant cockroaches
  6 goblins
  5 hobgoblins
  2 jackals (D:4)
  6 kobolds
  5 quokkas
  9 ball pythons
  3 bats (D:2)
  7 frilled lizards
  30 rats
114 creatures vanquished.

Notes
Turn   | Place    | Note
-------+----------+-------------------------------------------
     0 | D:1      | fragbeetle the Djinni Hedge Wizard began the quest for the
                  | Orb.
     0 | D:1      | Reached XP level 1. HP: 15/15 MP: 0/0
   417 | D:1      | Reached XP level 2. HP: 17/21 MP: 0/0
   968 | D:1      | Reached skill level 1 in Fighting
  1265 | D:1      | Reached XP level 3. HP: 24/27 MP: 0/0
  1265 | D:1      | Learned a level 1 spell: Freeze
  2901 | D:2      | Reached XP level 4. HP: 27/33 MP: 0/0
  3766 | D:3      | Found a glowing drain.
  3770 | Sewer    | Entered a sewer
  3809 | Sewer    | Reached XP level 5. HP: 12/39 MP: 0/0
  3809 | Sewer    | Learned a level 2 spell: Scorch
  4470 | Sewer    | Noticed a malarious merfolk avatar
  4744 | Sewer    | Reached XP level 6. HP: 34/46 MP: 0/0
  5409 | D:3      | Found a shimmering altar of Xom.
  5788 | D:4      | Found a hazy altar of Hepliaklqana.
  5901 | D:4      | Noticed Menkaure
  5915 | D:4      | Killed Menkaure
  5916 | D:4      | Reached XP level 7. HP: 47/53 MP: 0/0
  5916 | D:4      | Learned a level 3 spell: Tukima's Dance
  6042 | D:4      | Killed from afar by an orc priest

Illustrated notes

Levels and vault maps discovered:
D:1:      dpeg_arrival_rooms_c, layout_loops_ring, minmay_hexomino_p4
D:2:      layout_basic
D:3:      layout_loops_ring, xom_confusion_cloud, lightli_sewer_entry_pipes
D:4:      layout_gridville, marbit_many_paths, minmay_temple_entry_proselytizer,
          uniq_menkaure

Skill      XL: |  1  2  3  4  5  6 |
---------------+-------------------+-----
Fighting       | 1 2 3 4 |  4.7
Spellcasting   | 3 4 |  4.5
Dodging        | |  2.3
Stealth        | |  1.7

Action                   |  1- 3 |  4- 6 |  7- 9 || total
-------------------------+-------+-------+-------++-------
Melee: Dagger            |    52 |    83 |       ||   135
       Punch             |     2 |     2 |       ||     4
       Spear             |       |   111 |     6 ||   117
 Cast: Magic Dart        |    97 |    18 |     1 ||   116
       Freeze            |     1 |    20 |       ||    21
       Conjure Flame     |     1 |     1 |       ||     2
       Mephitic Cloud    |       |     7 |     1 ||     8
       Scorch            |       |    27 |     8 ||    35
  Use: Potion            |       |       |     2 ||     2
 Stab: Confused          |       |     4 |       ||     4
       Sleeping          |       |     1 |       ||     1
Armor: Leather armour    |     9 |    38 |     1 ||    48
Dodge: Dodged            |    29 |   124 |     7 ||   160
